Map: Forgotten Sanctuary

Players

ArcTic - Winner!

  • Race: Terran Terran
  • League: Diamond
  • Spawn Location: 6:00

SunTzu - Winner!

  • Race: Zerg Zerg
  • League: Diamond
  • Spawn Location: 3:00

Spore - Winner!

  • Race: Zerg Zerg
  • League: Diamond
  • Spawn Location: 3:00

CoffeeMocha - Winner!

  • Race: Terran Terran
  • League: Diamond
  • Spawn Location: 6:00

Airras

  • Race: Protoss Protoss
  • League: Gold
  • Spawn Location: 12:00

Qwerty

  • Race: Protoss Protoss
  • Spawn Location: 9:00

Infamous

  • Race: Protoss Protoss
  • League: Silver
  • Spawn Location: 9:00

pilgrimbizkt

  • Race: Terran Terran
  • League: Gold
  • Spawn Location: 12:00

VOD

Have the link to the VOD?

Description

Time

  • Played on: April 1, 2018, 2:14 p.m.
  • Length: 9:55
Show
View Real Time Build Order
Export as new Build Order

ArcTic Terran - Winner!

Build Orders: Liberator Opening 

Get SALT Encoding   

  12  0:01  SCV  
  13  0:13  SCV  
  14  0:19  Supply Depot  
  14  0:25  SCV  
  15  0:31  Refinery  
  15  0:40  SCV  
  16  0:46  Barracks  
  16  0:52  SCV  
  17  1:04  SCV  
  18  1:16  SCV  
  19  1:29  SCV  
  20  1:35  Factory  
  20  1:36  Marine  
  21  1:41  Orbital Command  
  21  1:54  Marine  
  22  2:06  SCV  
  23  2:10  Refinery  
  23  2:18  Command Center  
  23  2:25  Supply Depot  
  23  2:27  Factory Reactor  
  23  2:31  Starport  
  23  2:42  Engineering Bay  
  23  2:47  SCV  
  23  2:51  Supply Depot  
  24  2:59  SCV  
  25  3:06  Liberator  
  25  3:17  SCV  
  25  3:18  Liberator  
  26  3:20  Missile Turret  
  29  3:29  SCV  
  30  3:36  Orbital Command  
  30  3:39  Missile Turret  
  33  3:41  SCV  
  34  3:53  SCV  
  35  4:09  SCV x2  
  37  4:16  Supply Depot  
  37  4:21  SCV x2  
  39  4:33  SCV x2  
  41  4:41  Fusion Core  
  41  4:45  SCV, Liberator  
  39  5:01  Factory Tech Lab  
  39  5:15  SCV x2  
  39  5:18  Barracks Tech Lab, Refinery  
  39  5:19  Refinery  
  41  5:27  SCV x2  
  43  5:29  Weapon Refit  
  43  5:32  Starport  
  43  5:40  Viking  
  43  5:42  SCV x2  
  47  5:58  Command Center  
  47  6:02  Command Center  
  47  6:08  Starport  
  47  6:13  Starport  
  47  6:26  Starport Tech Lab  
  47  6:36  SCV  
  47  6:38  SCV  
  49  6:45  Advanced Ballistics  
  49  6:47  Battlecruiser  
  49  6:48  SCV  
  49  6:50  SCV  
  57  7:00  Supply Depot, SCV  
  58  7:02  SCV  
  58  7:05  Supply Depot  
  59  7:11  Supply Depot  
  59  7:12  SCV  
  59  7:14  SCV  
  59  7:15  Liberator  
  61  7:24  SCV  
  61  7:25  Supply Depot  
  61  7:26  Supply Depot, SCV  
  61  7:28  Battlecruiser  
  72  7:42  Refinery  
  72  7:47  Planetary Fortress  
  72  7:48  Refinery  
  72  7:49  SCV  
  72  7:50  SCV  
  74  8:01  SCV  
  74  8:02  SCV  
  76  8:13  SCV  
  76  8:14  SCV  
  78  8:24  Supply Depot x2  
  78  8:25  SCV  
  78  8:26  SCV  
  80  8:29  SCV  
  81  8:37  SCV  
  81  8:38  SCV  
  84  8:41  SCV  
  84  8:50  SCV x2  
  84  8:53  SCV  
  87  9:02  SCV x2  
  89  9:05  SCV  
  90  9:14  SCV x2  
  92  9:17  SCV  
  93  9:31  Supply Depot x2  
  93  9:36  SCV  
  93  9:37  SCV x2  
Show
View Real Time Build Order
Export as new Build Order

SunTzu Zerg - Winner!

Build Orders: Hatch First, Roach Nydus 

Get SALT Encoding   

  12  0:01  Drone  
  13  0:12  Overlord  
  13  0:18  Drone  
  14  0:31  Drone x2  
  16  0:36  Drone  
  17  0:54  Hatchery  
  16  1:03  Drone x2  
  18  1:07  Drone  
  19  1:18  Spawning Pool  
  18  1:19  Drone  
  19  1:28  Drone  
  20  1:35  Extractor  
  20  1:39  Drone  
  20  1:50  Drone  
  21  2:00  Drone  
  22  2:06  Overlord  
  22  2:16  Queen  
  22  2:17  Queen  
  22  2:18  Drone  
  22  2:19  Drone  
  28  2:23  Overlord  
  28  2:27  Drone  
  29  2:30  Extractor  
  29  2:32  Drone  
  29  2:38  Drone  
  30  2:44  Drone  
  30  2:50  Drone  
  32  3:00  Drone  
  32  3:01  Drone  
  32  3:03  Lair  
  32  3:05  Drone  
  35  3:09  Extractor  
  35  3:10  Drone  
  35  3:19  Drone  
  36  3:24  Drone  
  37  3:32  Drone  
  37  3:33  Drone x6  
  44  3:40  Roach Warren  
  43  3:42  Drone  
  43  3:44  Drone, Evolution Chamber  
  44  3:53  Overlord  
  44  4:00  Overlord  
  44  4:06  Overlord x2  
  44  4:09  Zerg Missile Weapons Level 1  
  44  4:12  Drone x5  
  49  4:17  Drone  
  49  4:18  Extractor  
  49  4:19  Glial Reconstitution  
  49  4:23  Drone  
  50  4:29  Drone  
  51  4:34  Overlord x2, Hydralisk Den  
  51  4:35  Overlord  
  50  4:40  Overseer  
  50  4:41  Overseer x2  
  50  4:42  Overseer, Nydus Network  
  51  4:53  Roach x5  
  51  4:59  Roach  
  61  5:03  Roach x3  
  61  5:05  Roach  
  69  5:09  Roach  
  69  5:10  Roach  
  69  5:13  Roach  
  73  5:15  Roach  
  69  5:24  Roach x2  
  66  5:30  Drone  
  66  5:34  Drone  
  68  5:38  Nydus Canal  
  68  5:40  Queen  
  68  5:41  Queen  
  68  5:42  Grooved Spines  
  72  5:46  Hydralisk  
  74  5:54  Hydralisk x2  
  74  5:56  Hydralisk  
  78  6:03  Hydralisk  
  82  6:04  Roach  
  84  6:14  Hydralisk x2  
  88  6:25  Hydralisk x2  
  92  6:41  Hydralisk x2  
  92  6:45  Hydralisk  
  98  6:53  Muscular Augments  
  98  6:57  Hydralisk  
  100  7:06  Overlord x3  
  100  7:10  Overlord  
  100  7:24  Overseer  
  100  7:26  Hydralisk x2  
  104  7:30  Overlord x2  
  104  7:38  Hydralisk x2  
  108  7:48  Hydralisk x4  
  108  7:49  Hydralisk x2  
  120  8:00  Hydralisk x2  
  124  8:12  Hydralisk  
  124  8:16  Hydralisk  
  128  8:25  Hydralisk x2  
  132  8:33  Overlord x2  
  132  8:43  Nydus Canal  
  132  8:47  Hydralisk x2  
  136  8:51  Overseer  
  136  8:53  Hydralisk  
  136  8:54  Hydralisk  
  140  9:05  Hydralisk x2  
  144  9:17  Hydralisk x2  
  144  9:22  Hydralisk x2  
  146  9:27  Hydralisk  
Show
View Real Time Build Order
Export as new Build Order

Spore Zerg - Winner!

Build Orders: Hatch First, Muta Ling Bane 

Get SALT Encoding   

  12  0:01  Drone  
  13  0:16  Overlord  
  13  0:19  Drone  
  15  0:35  Drone x2  
  15  0:38  Drone  
  17  0:56  Hatchery  
  16  0:58  Drone  
  16  1:04  Drone  
  18  1:13  Extractor  
  18  1:17  Spawning Pool  
  16  1:21  Drone  
  17  1:26  Drone  
  18  1:38  Drone  
  19  1:52  Overlord  
  19  2:05  Queen  
  19  2:06  Zergling x2  
  19  2:08  Zergling x2  
  23  2:09  Queen  
  23  2:12  Zergling x2  
  26  2:18  Drone  
  27  2:26  Metabolic Boost  
  27  2:29  Drone  
  28  2:33  Drone x2  
  28  2:36  Drone  
  31  2:54  Hatchery  
  31  2:57  Drone  
  31  2:58  Drone x2  
  33  3:07  Overlord  
  33  3:18  Queen  
  35  3:25  Queen  
  37  3:29  Overlord  
  37  3:32  Drone x4  
  41  3:36  Drone  
  42  3:54  Drone x3  
  42  3:55  Drone x4  
  48  3:57  Extractor  
  48  3:59  Extractor  
  44  4:03  Lair  
  44  4:05  Queen  
  46  4:12  Queen  
  46  4:14  Drone  
  46  4:15  Drone x2  
  51  4:23  Overlord  
  51  4:27  Drone x5  
  56  4:32  Drone  
  56  4:35  Overlord x2  
  57  4:39  Extractor  
  56  4:49  Evolution Chamber  
  56  4:50  Drone x4  
  56  4:52  Zergling x2, Baneling Nest  
  60  4:53  Zergling x2  
  57  5:07  Zergling x6  
  57  5:08  Zergling x6  
  59  5:20  Zergling x16  
  64  5:25  Queen x2  
  67  5:33  Zergling x8  
  71  5:40  Queen  
  73  5:56  Drone x2  
  75  6:14  Queen  
  75  6:17  Queen  
  79  6:23  Spire, Centrifical Hooks, Zerg Melee Weapons Level 1  
  78  6:26  Drone  
  78  6:27  Drone  
  78  6:28  Evolution Chamber  
  79  6:33  Drone x2  
  79  6:34  Hatchery  
  79  6:35  Drone x2  
  82  6:48  Overseer  
  82  6:59  Overlord x2  
  82  7:00  Overlord x2  
  82  7:09  Overlord x3  
  82  7:10  Overlord  
  82  7:17  Queen  
  82  7:19  Drone, Hatchery, Infestation Pit  
  82  7:22  Zerg Ground Armor Level 1  
  83  7:25  Queen  
  85  7:36  Mutalisk x7  
  99  7:38  Drone x2  
  99  7:39  Drone x2  
  99  7:44  Extractor x2, Drone x2  
  102  7:45  Drone  
  102  7:47  Drone  
  105  8:00  Drone  
  105  8:01  Drone x8  
  114  8:09  Mutalisk x2  
  114  8:10  Mutalisk  
  120  8:34  Mutalisk x3  
  108  9:02  Zergling x2  
  109  9:03  Zergling x44  
  131  9:15  Zergling x12  
Show
View Real Time Build Order
Export as new Build Order

CoffeeMocha Terran - Winner!

Build Orders: Bio Tank 

Get SALT Encoding   

  12  0:02  SCV  
  13  0:14  SCV  
  14  0:21  Supply Depot  
  14  0:26  SCV  
  15  0:43  SCV  
  15  0:49  Refinery  
  16  0:50  Barracks  
  16  0:55  SCV  
  17  1:07  SCV  
  18  1:20  SCV  
  19  1:32  SCV  
  20  1:36  Marine  
  21  1:41  Bunker  
  21  1:44  Orbital Command  
  21  1:47  Refinery  
  21  1:56  Factory  
  21  1:57  Marine  
  22  2:13  SCV  
  23  2:29  Barracks Tech Lab  
  23  2:38  Command Center  
  23  2:41  Supply Depot, Factory Tech Lab  
  23  2:47  Starport  
  23  2:54  Stimpack  
  23  3:02  SCV  
  23  3:05  Supply Depot  
  24  3:10  Siege Tank  
  27  3:15  SCV  
  28  3:22  Supply Depot  
  28  3:26  Starport Reactor  
  28  3:34  Marauder  
  28  3:38  SCV  
  31  3:50  SCV  
  31  3:51  Siege Tank  
  35  3:57  Orbital Command  
  35  4:05  Medivac  
  37  4:10  Supply Depot  
  37  4:15  Barracks  
  37  4:20  Marine  
  37  4:23  SCV  
  37  4:24  SCV  
  40  4:32  Medivac  
  40  4:35  SCV  
  40  4:36  SCV  
  44  4:46  Marine  
  44  4:51  Barracks, Engineering Bay  
  45  4:58  Siege Tank  
  48  5:04  Marine  
  49  5:15  Marine, SCV x2  
  49  5:17  Medivac  
  54  5:21  Marine  
  55  5:36  Marine  
  55  5:38  Siege Tank  
  55  5:39  Marine, SCV x2  
  55  5:42  Barracks Reactor  
  62  5:45  Barracks  
  62  5:50  Supply Depot  
  62  5:51  SCV  
  62  5:52  SCV  
  62  5:54  Marine  
  65  5:57  Supply Depot  
  65  6:16  Marine x2  
  65  6:17  Siege Tank  
  69  6:33  Marine x2  
  69  6:34  Marine x2  
  70  6:49  Marine  
  70  6:51  Marine x2  
  70  6:52  Marauder  
  66  6:58  Marine  
  64  7:06  Marine  
  63  7:09  Marine  
  63  7:10  Marine  
  63  7:11  Siege Tank  
  63  7:12  Medivac  
  63  7:13  Medivac  
  63  7:14  Marauder  
  74  7:15  Marine  
  74  7:17  Command Center  
  75  7:24  Marine  
  75  7:27  Marine  
  75  7:29  Missile Turret  
  77  7:35  Marauder  
  77  7:36  Engineering Bay  
  79  7:37  Combat Shields  
  79  7:38  Marine x2  
  79  7:42  Marine  
  82  7:45  Marine  
  83  7:51  Viking  
  83  7:56  Marine  
  86  8:01  Refinery x2  
  86  8:04  Marine, Supply Depot  
  86  8:05  Supply Depot, Marine  
  87  8:06  Marine x2  
  90  8:14  Marine  
  91  8:21  Marine  
  91  8:23  Marine x2, Siege Tank  
  97  8:32  Marauder  
  94  8:44  Marine x4  
  93  8:53  Marine  
  90  9:07  Marine  
  90  9:08  Marine x3  
  86  9:11  Marauder  
  88  9:17  Siege Tank  
  91  9:25  Marine x2  
  91  9:26  Marine x2  
  92  9:33  Marauder  
Show
View Real Time Build Order
Export as new Build Order

Airras Protoss 

Build Orders: 1 Gate Expand, Forge Fast Expand (FFE) 

Get SALT Encoding   

  12  0:02  Probe (Chrono Boost)  
  13  0:12  Probe (Chrono Boost)  
  14  0:22  Pylon  
  14  0:25  Probe  
  15  0:52  Forge  
  15  0:55  Gateway  
  15  0:59  Probe (Chrono Boost)  
  16  1:10  Probe (Chrono Boost)  
  17  1:26  Nexus  
  17  1:34  Pylon  
  17  1:40  Pylon  
  17  1:55  Assimilator  
  17  1:59  Assimilator  
  17  2:16  Probe (Chrono Boost)  
  18  2:25  Probe (Chrono Boost)  
  19  2:30  Probe (Chrono Boost)  
  20  2:41  Probe (Chrono Boost)  
  20  2:43  Nexus  
  22  2:51  Probe (Chrono Boost)  
  22  2:52  Photon Cannon  
  22  2:57  Probe (Chrono Boost)  
  23  2:58  Probe (Chrono Boost)  
  24  3:10  Probe (Chrono Boost)  
  26  3:14  Probe (Chrono Boost), Pylon  
  26  3:16  Probe (Chrono Boost)  
  27  3:20  Probe (Chrono Boost)  
  28  3:29  Photon Cannon  
  28  3:32  Probe  
  29  3:43  Pylon  
  29  3:44  Pylon, Probe  
  30  3:57  Probe (Chrono Boost)  
  30  4:01  Probe (Chrono Boost)  
  32  4:07  Pylon  
  32  4:09  Probe (Chrono Boost)  
  34  4:11  Probe (Chrono Boost)  
  34  4:15  Probe (Chrono Boost)  
  35  4:17  Probe (Chrono Boost)  
  35  4:23  Probe (Chrono Boost)  
  37  4:25  Cybernetics Core  
  37  4:27  Probe (Chrono Boost), Assimilator  
  38  4:31  Assimilator  
  38  4:37  Pylon  
  40  4:39  Probe (Chrono Boost)  
  40  4:40  Probe (Chrono Boost), Assimilator  
  40  4:45  Probe (Chrono Boost), Assimilator  
  40  4:47  Probe (Chrono Boost)  
  40  4:51  Pylon  
  42  4:55  Probe (Chrono Boost), Pylon  
  42  4:59  Probe (Chrono Boost)  
  44  5:04  Probe (Chrono Boost)  
  44  5:06  Probe (Chrono Boost)  
  46  5:09  Probe (Chrono Boost)  
  46  5:12  Stargate x2  
  46  5:13  Probe  
  48  5:20  Probe, Stargate  
  49  5:21  Stargate  
  49  5:24  Stargate  
  49  5:25  Probe  
  49  5:27  Stargate  
  50  5:32  Probe  
  51  5:46  Probe (Chrono Boost)  
  51  5:48  Probe (Chrono Boost)  
  53  5:52  Protoss Air Weapons Level 1  
  53  5:56  Probe (Chrono Boost)  
  55  5:59  Probe (Chrono Boost)  
  55  6:00  Pylon  
  55  6:01  Probe (Chrono Boost), Pylon  
  56  6:08  Probe  
  57  6:13  Probe  
  58  6:20  Probe  
  58  6:25  Probe  
  59  6:32  Probe  
  56  6:41  Void Ray x3  
  56  6:42  Void Ray  
  69  6:48  Stargate  
  56  7:13  Stargate  
  56  7:16  Probe (Chrono Boost)  
  58  7:25  Probe (Chrono Boost)  
  58  7:26  Probe (Chrono Boost)  
  59  7:31  Probe (Chrono Boost)  
  60  7:42  Probe  
  51  8:13  Void Ray x3  
  51  8:14  Void Ray x3  
  75  8:29  Void Ray  
  63  9:00  Stargate  
Show
View Real Time Build Order
Export as new Build Order

Qwerty Protoss 

Build Orders: Cannon Rush 

Get SALT Encoding   

  12  0:03  Probe  
  13  0:16  Probe  
  14  0:23  Pylon  
  14  0:31  Pylon  
  14  0:36  Probe (Chrono Boost)  
  15  0:48  Probe (Chrono Boost)  
  16  0:53  Probe (Chrono Boost)  
  17  0:58  Forge  
  17  1:02  Probe  
  18  1:19  Pylon  
  18  1:27  Gateway  
  18  1:36  Photon Cannon  
  18  1:40  Photon Cannon  
  18  1:46  Photon Cannon  
  18  2:02  Photon Cannon  
  18  2:08  Photon Cannon  
  18  2:15  Photon Cannon  
  18  2:24  Pylon  
  18  2:31  Photon Cannon  
  18  2:46  Gateway  
  18  2:47  Assimilator  
  18  2:48  Probe  
  19  2:54  Assimilator  
  19  3:22  Nexus  
  19  3:36  Cybernetics Core  
  19  3:41  Pylon  
  19  3:46  Pylon  
  19  4:11  Photon Cannon  
  19  4:21  Probe  
  20  4:27  Stargate  
  20  4:33  Probe, Photon Cannon  
  19  5:12  Probe (Chrono Boost)  
  20  5:20  Photon Cannon  
  21  5:22  Probe (Chrono Boost)  
  21  5:26  Probe (Chrono Boost)  
  21  5:27  Probe (Chrono Boost)  
  23  5:37  Probe (Chrono Boost)  
  24  5:46  Probe (Chrono Boost)  
  24  5:48  Probe (Chrono Boost)  
  26  5:54  Probe (Chrono Boost)  
  26  5:55  Probe (Chrono Boost)  
  28  5:58  Probe (Chrono Boost)  
  28  6:03  Probe, Phoenix  
  32  6:10  Probe  
  30  6:22  Probe  
  29  6:34  Probe  
  27  7:05  Void Ray  
  31  7:51  Pylon  
  31  7:55  Nexus  
  31  8:01  Pylon  
  31  8:04  Pylon  
  31  8:19  Void Ray  
  29  9:09  Photon Cannon x2  
  29  9:11  Photon Cannon  
  29  9:16  Photon Cannon  
  27  9:24  Photon Cannon  
Show
View Real Time Build Order
Export as new Build Order

Infamous Protoss 

Build Orders:  

Get SALT Encoding   

  12  0:01  Probe  
  13  0:13  Probe  
  14  0:20  Pylon  
  14  0:30  Probe  
  15  0:38  Gateway  
  15  0:42  Probe  
  16  0:54  Probe  
  17  0:58  Assimilator  
  17  1:11  Probe  
  18  1:23  Probe  
  19  1:30  Pylon, Cybernetics Core  
  19  1:35  Probe  
  20  1:44  Assimilator  
  20  1:47  Pylon  
  20  1:57  Probe  
  21  2:03  Warp Gate (Chrono Boost)  
  21  2:10  Nexus  
  21  2:14  Probe  
  22  2:23  Pylon  
  22  2:28  Probe  
  23  2:43  Probe  
  24  2:44  Gateway  
  24  2:52  Adept (Chrono Boost)  
  26  3:04  Probe  
  27  3:05  Gateway  
  27  3:16  Twilight Council  
  27  3:21  Stalker  
  27  3:25  Probe  
  30  3:32  Probe  
  31  3:45  Robotics Facility  
  31  3:48  Probe  
  32  4:01  Stalker  
  34  4:06  Charge (Chrono Boost)  
  34  4:07  Probe x2  
  37  4:24  Probe x2  
  38  4:32  Stalker x2  
  38  4:33  Stalker  
  44  4:39  Immortal  
  48  4:58  Stalker x2  
  48  4:59  Stalker  
  54  5:14  Assimilator  
  54  5:18  Assimilator  
  54  5:25  Shield Battery  
  54  5:40  Pylon  
  54  5:58  Probe x2, Observer  
  57  6:06  Pylon  
  57  6:09  Pylon x2  
  57  6:11  Pylon  
  57  6:12  Pylon  
  57  6:14  Pylon, Forge  
  57  6:23  Immortal  
  61  6:28  Zealot x3  
  61  6:53  Stalker x2  
  61  6:54  Stalker  
  59  7:03  Gateway  
  59  7:04  Gateway  
  59  7:07  Gateway  
  59  7:22  Sentry x3  
  63  7:29  Immortal  
  68  7:53  Probe x2  
  70  7:59  Blink (Chrono Boost)  
  70  8:12  Templar Archives  
  70  8:23  Zealot x3  
  70  8:24  Zealot x3  
  82  8:28  Robotics Facility  
  82  8:30  Immortal (Chrono Boost)  
  86  8:48  Photon Cannon  
  86  8:50  Shield Battery  
  82  8:56  Stalker x3  
  82  8:57  Stalker x2  
  44  9:25  Stalker x5  
  44  9:26  Stalker  
Show
View Real Time Build Order
Export as new Build Order

pilgrimbizkt Terran 

Build Orders:  

Get SALT Encoding   

  12  0:03  SCV  
  13  0:15  SCV  
  14  0:29  SCV  
  15  0:38  Supply Depot  
  15  0:54  Refinery  
  15  1:00  SCV  
  16  1:06  Barracks  
  16  1:28  Command Center, SCV  
  16  1:29  Refinery  
  17  1:41  SCV  
  18  1:53  SCV  
  19  2:09  Barracks Reactor  
  19  2:13  Factory  
  19  2:18  SCV  
  20  2:30  SCV  
  21  2:38  Supply Depot  
  22  2:45  Orbital Command  
  22  2:49  Marine  
  22  2:52  Marine  
  22  2:55  SCV  
  24  3:19  Cyclone  
  27  3:20  Barracks Tech Lab, Cyclone  
  27  3:23  SCV  
  31  3:40  Orbital Command, Armory  
  31  3:43  SCV  
  32  3:50  Marauder  
  37  4:02  Cyclone  
  37  4:04  Cyclone  
  40  4:12  Supply Depot  
  40  4:14  SCV  
  40  4:15  SCV  
  42  4:33  Terran Vehicle Weapons Level 1  
  42  4:35  Armory  
  42  4:36  SCV x2  
  44  4:40  Marauder  
  46  4:48  SCV  
  44  5:22  Marauder  
  44  5:23  Cyclone  
  44  5:25  SCV x2  
  38  5:37  SCV  
  38  5:38  SCV  
  40  5:43  Marine  
  42  5:50  SCV x2  
  42  5:51  Factory  
  42  5:53  Factory  
  43  6:01  Marauder  
  43  6:02  SCV  
  44  6:14  SCV  
  39  6:22  Marine  
  37  6:26  SCV  
  14  6:41  Marauder  
Tags
 
Add a new tag
Caveats
  • Supply blocks, unpowered buildings, or Contaminate may cause inaccurate times.
  • Supply counts are checked every 10 seconds.